 Dungeon Crawl Stone Soup version 0.31-a0-202-g547052bce9 (webtiles) character file.

Game seed: 17395610218877708863

241 qw the Skirmisher (level 5, 0/30 HPs)
             Began as a Deep Elf Hunter on June 26, 2023.
             Slain by a gnoll
             ... wielding a +0 spear
             ... led by a gnoll bouda
              (3 damage)
             ... on level 4 of the Dungeon.
             The game lasted 00:01:01 (2013 turns).

qw the Skirmisher (Deep Elf Hunter)                 Turns: 2013, Time: 00:01:02

Health: 0/30       AC:  6    Str: 10    XL:     5   Next: 80%
Magic:  7/7        EV: 11    Int: 14    God:
Gold:   17         SH:  0    Dex: 18    Spells: 4/4 levels left

rFire   . . .        a - +0 arbalest (flame)
rCold   . . .        (shield currently unavailable)
rNeg    . . .        b - +0 ring mail {Will+}
rPois   .            d - +0 helmet
rElec   .            (no cloak)
rCorr   .            (no gloves)
SInv    .            (no boots)
Will    +....        (no amulet)
Stlth   +            (no ring)
HPRegen 0.25/turn    (no ring)
MPRegen 0.10/turn

%: no passive effects
@: no status effects
A: no striking features
a: no special abilities


You were on level 4 of the Dungeon.
You visited 1 branch of the dungeon, and saw 4 of its levels.

You collected 17 gold pieces.


   Skills:
 + Level 1.8 Fighting
 - Level 9.3 Ranged Weapons
 - Level 2.4 Dodging
 - Level 1.2 Stealth


You had 4 spell levels left.
You didn't know any spells.
Your spell library was empty.

Inventory:

Hand Weapons
 a - a +0 arbalest of flaming (weapon)
Armour
 b - a +0 ring mail of willpower (worn)
 d - a +0 helmet (worn)
Scrolls
 h - a scroll of identify
Potions
 c - a potion of enlightenment
 e - a potion of might {unknown}
 f - a potion of curing

Dungeon Overview and Level Annotations

Branches:
Dungeon (4/15)
 Temple: D:4-7

Altars:
Qazlal


Message History

Something hits the plant!
A gnoll comes into view. It is wielding a +0 spear.
The gnoll hits the plant with a +0 flail!
A gnoll comes into view. It is wielding a +0 halberd.
2001 ||| Stepping ~*~*~tactically~*~*~ (outnumbered).
The gnoll moves out of view.
A gnoll comes into view. It is wielding a +0 whip.
The gnoll shouts! x2
2003 ||| Stepping ~*~*~tactically~*~*~ (outnumbered).
The gnoll bouda barks out a call to the hunt!
The gnolls pick up the pace!
2005 ||| Stepping ~*~*~tactically~*~*~ (outnumbered).
You shoot a bolt. The bolt barely misses the gnoll bouda.
The gnoll bouda hits you with a +0 club.
2008 ||| Stepping ~*~*~tactically~*~*~ (outnumbered).
The gnoll bouda attacks as you move away!
The gnoll bouda misses you.
You shoot a bolt. The bolt closely misses the gnoll.
The gnoll misses you. The gnoll closely misses you.
The gnoll hits you with a +0 flail.
The gnoll hits you from afar with a +0 halberd.
You shoot a bolt. The bolt barely misses the gnoll.
The gnoll is no longer moving quickly.
The gnoll hits you with a +0 flail. The gnoll completely misses you.
The gnoll bouda barks out a call to the hunt!
The gnoll picks up the pace!
You shoot a bolt. The bolt hits the gnoll!
The bolt burns the gnoll.
You kill the gnoll!
The gnoll barely misses you. The gnoll closely misses you.
You shoot a bolt. The bolt completely misses the gnoll.
The gnoll hits you from afar with a +0 halberd!
The gnoll hits you with a +0 whip.
You shoot a bolt. The bolt hits the gnoll!
The bolt burns the gnoll.
The gnoll is almost dead.
The gnoll is no longer moving quickly.
The gnoll barely misses you. The gnoll closely misses you.
The gnoll bouda barks out a call to the hunt!
The gnoll picks up the pace!
The gnoll hits you with a +0 spear.
You die...

.. .# 7. #.# 7.....# .7
P.#..# .. P7 ...7
777.#..### .## ..7
.gg7.g....... ..# ..7
7g.g.7..... ..##..77
777777g.$7 ......P!
7...P@g77.# ......
77P7.777 #..#.#7 7.7...7
.....#.7 77.P77777
#.......7777.77.7.P7
..........7.7P.7.ยค7
##.#.#.##.#%7P.P7P#
##.....##.#..7P.###
.....#.##...7.7.########


You could see a gnoll bouda and 3 gnolls.

Vanquished Creatures
  An ogre (D:4)
  Terence (D:3)
  Robin (D:2)
  A gnoll (D:4)
  4 adders (D:2)
  2 worms
  A dart slug (D:2)
  An orc (D:3)
  8 ball pythons
  2 bats
  9 endoplasms
  A giant cockroach (D:3)
  9 goblins
  8 hobgoblins
  5 quokkas
  2 frilled lizards
  5 kobolds
  3 rats
64 creatures vanquished.

Notes
Turn   | Place    | Note
-------+----------+-------------------------------------------
     0 | D:1      | qw the Deep Elf Hunter began the quest for the Orb.
     0 | D:1      | Reached XP level 1. HP: 12/12 MP: 3/3
     0 | D:1      | 0 ||| qw: Version: 0.3-a-22-g0ed2b0b
     0 | D:1      | 0 ||| qw: Game counter: 6008
     0 | D:1      | 0 ||| qw: Melee chars always use a shield: true
     0 | D:1      | 0 ||| qw: God list: Okawaru
     0 | D:1      | 0 ||| qw: Allow faded altars: false
     0 | D:1      | 0 ||| qw: Do Orc after clearing Dungeon:15 true
     0 | D:1      | 0 ||| qw: Do second Lair branch before Depths: true
     0 | D:1      | 0 ||| qw: Lair rune preference: random
     0 | D:1      | 0 ||| qw: Goals: Normal
     0 | D:1      | 0 ||| PLANNING D:1-11
    18 | D:1      | HP: 1/12 [quokka (3)]
   163 | D:1      | Reached skill level 6 in Ranged Weapons
   163 | D:1      | Reached XP level 2. HP: 16/16 MP: 4/4
   313 | D:1      | 313 ||| READING scroll labelled TEGARAPSILA.
   314 | D:1      | 314 ||| READING scroll labelled ETOQOHISOO.
   315 | D:1      | 315 ||| READING scroll labelled CEARUBU KACUCY.
   316 | D:1      | 316 ||| READING scroll labelled HUAVVIWKYHA.
   317 | D:1      | 317 ||| DRINKING 2 bubbling inky potions.
   318 | D:1      | 318 ||| DROPPING scroll of butterflies.
   331 | D:2      | Found a stormy altar of Qazlal.
   435 | D:2      | Reached XP level 3. HP: 20/20 MP: 5/5
   461 | D:2      | Noticed Robin
   465 | D:2      | 465 ||| FLEEEEING.
   466 | D:2      | 466 ||| FLEEEEING.
   467 | D:2      | 467 ||| FLEEEEING.
   468 | D:2      | 468 ||| FLEEEEING.
   469 | D:2      | 469 ||| FLEEEEING.
   470 | D:2      | 470 ||| FLEEEEING.
   471 | D:2      | 471 ||| FLEEEEING.
   472 | D:2      | 472 ||| FLEEEEING.
   473 | D:2      | 473 ||| FLEEEEING.
   474 | D:2      | 474 ||| FLEEEEING.
   475 | D:2      | 475 ||| FLEEEEING.
   477 | D:2      | 477 ||| FLEEEEING.
   478 | D:2      | 478 ||| FLEEEEING.
   479 | D:2      | 479 ||| FLEEEEING.
   480 | D:2      | 480 ||| FLEEEEING.
   481 | D:2      | 481 ||| FLEEEEING.
   482 | D:2      | 482 ||| FLEEEEING.
   483 | D:2      | 483 ||| FLEEEEING.
   484 | D:2      | 484 ||| FLEEEEING.
   485 | D:2      | 485 ||| FLEEEEING.
   495 | D:2      | Killed Robin
   496 | D:2      | Reached skill level 7 in Ranged Weapons
   688 | D:2      | Reached XP level 4. HP: 25/25 MP: 6/6
   735 | D:2      | 735 ||| UPGRADING to +0 ring mail of willpower.
   745 | D:2      | 745 ||| DROPPING +0 leather armour.
   746 | D:2      | 746 ||| UPGRADING to +0 helmet.
   752 | D:2      | 752 ||| READING scroll labelled REJEDOCUSUH.
   753 | D:2      | 753 ||| READING scroll labelled DUFFAGUDYH.
   766 | D:2      | 766 ||| FLEEEEING.
   772 | D:2      | 772 ||| FLEEEEING.
   777 | D:2      | 777 ||| FLEEEEING.
   778 | D:2      | 778 ||| FLEEEEING.
   779 | D:2      | 779 ||| FLEEEEING.
   780 | D:2      | 780 ||| FLEEEEING.
   781 | D:2      | 781 ||| FLEEEEING.
   782 | D:2      | 782 ||| FLEEEEING.
   783 | D:2      | 783 ||| FLEEEEING.
   787 | D:2      | 787 ||| FLEEEEING.
   788 | D:2      | 788 ||| FLEEEEING.
   789 | D:2      | 789 ||| FLEEEEING.
   790 | D:2      | 790 ||| STAIRDANCE
   835 | D:1      | 835 ||| READING scroll labelled XORAFU XOM CAI.
  1114 | D:2      | Found a faded altar of an unknown god.
  1165 | D:2      | 1165 ||| FLEEEEING.
  1259 | D:3      | Reached skill level 8 in Ranged Weapons
  1724 | D:3      | Noticed Terence
  1729 | D:3      | Killed Terence
  1730 | D:3      | Reached XP level 5. HP: 29/29 MP: 7/7
  1816 | D:3      | 1816 ||| DROPPING amulet of magic regeneration.
  1817 | D:3      | 1817 ||| READING scroll labelled FISUGO FUGGIA.
  1818 | D:3      | 1818 ||| READING scroll labelled QIWOTA PINE.
  1819 | D:3      | 1819 ||| READING scroll labelled QAYVIANEOM.
  1819 | D:3      | Identified a scroll of acquirement
  1819 | D:3      | 1819 ||| ACQUIRING +0 arbalest of flaming
  1819 | D:3      | Acquired a +0 arbalest of flaming
  1821 | D:3      | 1821 ||| SWAPPING to +0 arbalest of flaming.
  1822 | D:3      | 1822 ||| DROPPING +0 shortbow.
  1823 | D:3      | 1823 ||| DRINKING 2 glowing amethyst potions.
  1824 | D:3      | 1824 ||| DRINKING 2 potions of curing.
  1824 | D:3      | 1824 ||| (to cure confusion)
  1825 | D:3      | 1825 ||| READING 2 scrolls of identify.
  1825 | D:3      | 1825 ||| IDENTIFYING blue potion
  1826 | D:3      | 1826 ||| DROPPING potion of ambrosia.
  1840 | D:4      | Noticed an ogre
  1845 | D:4      | HP: 5/29 [ogre/+0 giant club (24)]
  1846 | D:4      | Killed an ogre
  1847 | D:4      | Reached skill level 9 in Ranged Weapons
  2001 | D:4      | 2001 ||| Stepping ~*~*~tactically~*~*~ (outnumbered).
  2003 | D:4      | 2003 ||| Stepping ~*~*~tactically~*~*~ (outnumbered).
  2005 | D:4      | 2005 ||| Stepping ~*~*~tactically~*~*~ (outnumbered).
  2008 | D:4      | 2008 ||| Stepping ~*~*~tactically~*~*~ (outnumbered).
  2012 | D:4      | HP: 6/30 [gnoll/+0 halberd[a gnoll bouda] (7)]
  2013 | D:4      | Slain by a gnoll

Levels and vault maps discovered:
D:1:      scummos_arrival_simple_crosswalls, layout_rooms,
          serial_park_tiny_pond, st_stairs_14
D:2:      layout_loops_ring, basic_altar, shapermc_ecumenical_altar_notcrosses,
          uniq_robin
D:3:      layout_loops_ring, uniq_terence
D:4:      wad_woods_stonehenge, layout_basic, zin_academy, temple_hall,
          uniq_pikel

Skill      XL: |  1  2  3  4  5 |
---------------+----------------+-----
Ranged Weapons | 6 7 8 9 |  9.3
Fighting       | |  1.8
Dodging        | |  2.4
Stealth        | |  1.2

Action                     |  1- 3 |  4- 6 || total
---------------------------+-------+-------++-------
   Fire: Shortbow          |   110 |    61 ||   171
         Arbalest          |       |    16 ||    16
    Use: Scroll            |     4 |     7 ||    11
         Potion            |     1 |     2 ||     3
 Armour: Leather armour    |     7 |       ||     7
         Ring mail         |       |     7 ||     7
  Dodge: Dodged            |    14 |    18 ||    32

Table legend:
 A = Non-vault XP
 B = Vault XP
 C = Vault XP percentage of total XP
 D = Non-vault monster count
 E = Vault monster count
 F = Vault count percentage of total count
                 A         B        C        D         E       F
            +---------+---------+-------+---------+---------+-------
      Total |     270 |      75 |  21.7 |      50 |      14 |  21.9
            +---------+---------+-------+---------+---------+-------
        D:1 |      20 |       3 |  13.0 |      14 |       2 |  12.5
        D:2 |      90 |      34 |  27.4 |      22 |      10 |  31.2
        D:3 |      20 |      36 |  64.3 |       9 |       1 |  10.0
        D:4 |     140 |       2 |   1.4 |       5 |       1 |  16.7
            +---------+---------+-------+---------+---------+-------
